 Dungeon Crawl Stone Soup version 0.28.0-53-g5a82cb258f (webtiles) character file.

Game seed: 4171223515068284138

19835 diana the Fighter (level 12, -2/110 HPs)
             Began as a Demigod Transmuter on Aug 21, 2022.
             Slain by a fire elemental (13 damage)
             ... summoned by a deep elf pyromancer
             ... in a volcano.
             The game lasted 00:35:34 (16212 turns).

diana the Fighter (Demigod Transmuter)             Turns: 16212, Time: 00:35:34

Health: -2/110     AC:  8    Str: 17    XL:     12   Next: 12%
Magic:  0/27       EV: 16    Int: 31    God:
Gold:   447        SH:  0    Dex: 17    Spells: 15/25 levels left

rFire   . . .      SeeInvis .     - Unarmed
rCold   . . .      Faith    .   (no shield)
rNeg    . . .      Spirit   +   v - +1 leather armour "Bimer" {Rampage Str+6}
rPois   .          Reflect  .   m - +0 helmet
rElec   .          Harm     .   (no cloak)
rCorr   .          Rampage  +   k - +1 pair of gloves {Dex+3}
Will    +....                   g - +0 pair of boots
Stlth   +.........              b - amulet of guardian spirit
HPRegen 0.28/turn               n - +4 ring of slaying
MPRegen 0.20/turn               w - +4 ring of slaying

@: wereblooded
A: high MP 1, forlorn, divine attributes
a: no special abilities


You were in a volcano.
You visited 2 branches of the dungeon, and saw 13 of its levels.
You also visited: Volcano.

You collected 600 gold pieces.
You spent 153 gold pieces at shops.

Inventory:

Armour
 f - a +0 robe of cold resistance
 g - a +0 pair of boots (worn)
 k - a +1 pair of gloves of dexterity (worn)
 m - a +0 helmet (worn)
 v - the +1 leather armour "Bimer" (worn) {Rampage Str+6}
   (You found it on level 6 of the Dungeon)

   Str:       It affects your strength (+6).
   Rampage:   It bestows one free step when moving towards enemies.
 B - +0 steam dragon scales
Jewellery
 b - an amulet of guardian spirit (around neck)
 n - a +4 ring of slaying (left hand)
 w - a +4 ring of slaying (right hand)
Wands
 j - a wand of charming (16)
 o - a wand of flame (16)
 A - a wand of iceblast (16)
 D - a wand of paralysis (6)
 G - a wand of digging (8)
 J - a wand of mindburst (9)
Scrolls
 a - 9 scrolls of teleportation
 d - 3 scrolls of immolation
 h - 2 scrolls of enchant weapon
 l - a scroll of brand weapon {unknown}
 p - 2 scrolls of blinking
 q - 2 scrolls of noise {unknown}
 r - 3 scrolls of enchant armour
 s - 3 scrolls of amnesia
 u - 2 scrolls of magic mapping {unknown}
 y - a scroll of vulnerability {unknown}
 z - 3 scrolls of fear {unknown}
 K - a scroll of fog {unknown}
 L - a scroll of identify
Potions
 c - a potion of invisibility {unknown}
 e - 2 potions of flight
 i - 3 potions of brilliance
 t - 5 potions of curing
 x - 2 potions of mutation
 C - 2 potions of cancellation
 E - 3 potions of might
 F - 2 potions of attraction
Miscellaneous
 I - a condenser vane


   Skills:
 * Level 11.2 Fighting
 + Level 1.2 Armour
 - Level 8.0 Dodging
 + Level 8.3 Unarmed Combat
 + Level 7.3 Spellcasting
 + Level 8.0 Transmutations


You had 15 spell levels left.
You knew the following spells:

 Your Spells              Type           Power      Damage    Failure   Level
a - Beastly Appendage     Tmut           100%       N/A       1%          1
b - Wereblood             Tmut           57%        N/A       1%          2
c - Spider Form           Tmut/Pois      36%        N/A       3%          3
d - Ice Form              Ice/Tmut       36%        N/A       10%         4

Your spell library contained the following spells:

 Spells                   Type           Power      Damage    Failure   Level
 Corpse Rot               Necr/Air       22%        N/A       8%          2
 Poisonous Vapours        Pois/Air       22%        N/A       8%          2
 Ozocubu's Armour         Ice            11%        N/A       16%         3
 Metabolic Englaciation   Hex/Ice        5%         N/A       80%         5
 Simulacrum               Ice/Necr       5%         N/A       100%        6


Dungeon Overview and Level Annotations

Branches:
Dungeon (10/15)            Temple (0/1) D:7            Lair (3/6) D:8
 Shoals (0/4) Lair:2       Spider (0/4) Lair:2      Volcano (1/1)
    Orc: D:9-12

Shops:
D:5 !   D:6 (=*![   D:7 *   D:8 (=

Portals:
Abyss: D:6

Annotations:
D:6 2 transporters, kthxbai's ghost, novice VSFi


Innate Abilities, Weirdness & Mutations

You have an increased reservoir of magic. (+10% MP)
You shall have no god before yourself.
Your divine heritage dramatically boosts your attributes as you level up.


Message History

The deep elf pyromancer mumbles some strange words.
The deep elf pyromancer blinks!
The hell hound completely misses you.
A fire elemental comes into view.
The deep elf pyromancer gestures wildly while chanting.
The deep elf pyromancer blinks!
You bite the hell hound!
You feel a bit better.
You kill the hell hound!
The deep elf pyromancer points at you and mumbles some strange words.
The sticky flame hits you.
You are covered in liquid flames!
* * * LOW HITPOINT WARNING * * *
You are covered in liquid flames!
* * * LOW HITPOINT WARNING * * *
The deep elf pyromancer hits you with a +0 dagger.
* * * LOW HITPOINT WARNING * * *
The fire elemental hits you.
* * * LOW HITPOINT WARNING * * *
The fire elemental burns you!
* * * LOW HITPOINT WARNING * * *
You feel better.
You are covered in liquid flames!
* * * LOW HITPOINT WARNING * * *
The fire elemental completely misses you.
The deep elf pyromancer completely misses you.
You bite the deep elf pyromancer!
The deep elf pyromancer is lightly wounded.
You are covered in liquid flames!
* * * LOW HITPOINT WARNING * * *
The fire elemental barely misses you. The deep elf pyromancer misses you.
You feel better.
You are covered in liquid flames!
* * * LOW HITPOINT WARNING * * *
Your transformation has ended.
Your +0 helmet unmelds from your body.
Your +1 pair of gloves of dexterity unmelds from your body.
Your +0 pair of boots unmelds from your body.
The +1 leather armour "Bimer" {Rampage Str+6} unmelds from your body.
You feel agile. The fire elemental hits you. The fire elemental burns you!
You die...

#≈≈#∩∩#≈§##
#≈≈##..##≈§#
#≈≈#....#§§##
#§≈#####'##§≈#
# ≈#. #..#≈§##
##.. #..##§≈#
#..≈.##..#≈§##
#.....#e.##≈≈#
......#@E.#≈≈##
+####+##E○##≈≈#
#☼○†#§§#
###e##≈≈#
#○..#≈≈#
e#°○.##§§#
...'☼§.. #
##########


You could see 2 deep elf pyromancers and 2 fire elementals.

Vanquished Creatures
  A hydra (Lair:3)
  A two-headed ogre (D:7)
  Urug (Lair:1)
  Joseph (Lair:1)
  4 cane toads
  Psyche (D:8)
  A komodo dragon (Lair:2)
  2 trolls
  A hornet (D:7)
  8 blink frogs (Lair:2)
  3 jumping spiders (Lair:2)
  A wyvern (D:7)
  2 culicivoras (Lair:2)
  3 fire elementals (Volcano)
  19 yaks
  Eustachio (D:5)
  A basilisk (Lair:1)
  Grum (D:8)
  4 redbacks (Lair:2)
  Menkaure (D:4)
  4 steam dragons
  4 hell hounds
  12 water moccasins
  An acid dragon (D:8)
  6 orc warriors
  4 ice beasts
  5 sky beasts
  3 necrophages
  3 black bears
  6 wolves
  An ogre (D:3)
  12 centaurs
  A kobold brigand (D:8)
  12 bullfrogs
  2 gnoll sergeants
  3 scorpions
  A water moccasin zombie (D:5)
  6 killer bees (D:9)
  6 wights (D:8)
  8 howler monkeys
  2 electric eels (Lair:1)
  A bullfrog zombie (D:6)
  2 jellies (D:6)
  A centaur zombie (D:6)
  2 bullfrog skeletons
  2 gnoll shamans
  4 orc priests
  4 centaur skeletons
  5 iguanas
  6 orc wizards
  2 killer bee zombies (D:8)
  A hound zombie (D:5)
  Robin (D:4)
  2 howler monkey zombies
  2 adders
  16 gnolls
  A white imp (D:8)
  3 ufetubi
  A worm (D:3)
  23 orcs
  10 endoplasms
  3 giant cockroaches
  13 goblins
  14 hobgoblins
  2 jackals (D:4)
  4 kobolds
  3 quokkas
  3 ball pythons
  6 bats
  A frilled lizard (D:1)
  2 rats
  A butterfly (Lair:3)
300 creatures vanquished.

Vanquished Creatures (others)
  52 fungi
  32 plants (D:8)
84 creatures vanquished.

Grand Total: 384 creatures vanquished

Notes
Turn   | Place    | Note
-------+----------+-------------------------------------------
     0 | D:1      | diana the Demigod Transmuter began the quest for the Orb.
     0 | D:1      | Reached XP level 1. HP: 15/15 MP: 5/5
   147 | D:1      | Reached skill level 1 in Fighting
   340 | D:1      | Reached XP level 2. HP: 8/23 MP: 5/7
  1238 | D:2      | Learned a level 2 spell: Wereblood
  1973 | D:3      | Reached XP level 3. HP: 29/29 MP: 6/8
  2386 | D:3      | Reached skill level 2 in Fighting
  2432 | D:3      | Reached XP level 4. HP: 4/36 MP: 1/10
  2728 | D:3      | Learned a level 3 spell: Spider Form
  2797 | D:3      | Noticed an ogre
  2811 | D:3      | Killed an ogre
  2812 | D:3      | Reached XP level 5. HP: 20/44 MP: 5/11
  3277 | D:4      | Reached skill level 3 in Fighting
  3528 | D:4      | Noticed Menkaure
  3764 | D:4      | Noticed Robin
  3783 | D:4      | Killed Robin
  4078 | D:4      | Killed Menkaure
  4079 | D:4      | Reached XP level 6. HP: 32/49 MP: 4/13
  4476 | D:5      | Entered Level 5 of the Dungeon
  4812 | D:5      | Reached skill level 4 in Fighting
  4812 | D:5      | Reached XP level 7. HP: 43/59 MP: 8/14
  5700 | D:5      | Found Zeen's Distillery.
  5702 | D:5      | Bought 3 potions of curing for 90 gold pieces
  5702 | D:5      | Bought a potion of heal wounds for 50 gold pieces
  5729 | D:5      | Noticed Eustachio
  5747 | D:5      | Killed Eustachio
  5748 | D:5      | Reached skill level 5 in Fighting
  5872 | D:5      | Reached XP level 8. HP: 52/68 MP: 9/16
  6212 | D:6      | Found Bichoe's Jewellery Shoppe.
  6261 | D:6      | Identified the +1 leather armour "Bimer" {Rampage Str+6}
  6297 | D:6      | Found a one-way gate to the infinite horrors of the Abyss.
  6297 | D:6      | Noticed kthxbai's ghost (novice VSFi)
  6298 | D:6      | Found a transporter.
  6313 | D:6      | Noticed an ancient zyme
  6561 | D:6      | Found Wama's Weapon Emporium.
  6653 | D:6      | Found Kiocat's Armour Boutique.
  6722 | D:6      | Found a transporter.
  6873 | D:6      | Found Sifar's Distillery.
  6882 | D:6      | Bought a potion of degeneration for 13 gold pieces
  6919 | D:6      | Found Reolonkao's Assorted Antiques.
  6948 | D:6      | Reached skill level 6 in Fighting
  6948 | D:6      | Reached skill level 5 in Unarmed Combat
  7289 | D:7      | Found Keeha's Assorted Antiques.
  7449 | D:7      | Noticed a two-headed ogre
  7478 | D:7      | Killed a two-headed ogre
  7479 | D:7      | Reached skill level 5 in Dodging
  7479 | D:7      | Reached skill level 5 in Transmutations
  7479 | D:7      | Reached XP level 9. HP: 69/78 MP: 14/19
  7548 | D:7      | Reached skill level 7 in Fighting
  7658 | D:7      | Learned a level 4 spell: Ice Form
  7717 | D:7      | Found a staircase to the Ecumenical Temple.
  7987 | D:8      | Found Doirch's Jewellery Shop.
  7994 | D:8      | Reached skill level 5 in Spellcasting
  8000 | D:8      | Noticed Grum
  8218 | D:8      | Killed Grum
  8602 | D:8      | Reached skill level 8 in Fighting
  8605 | D:8      | Reached XP level 10. HP: 75/88 MP: 15/21
  9473 | D:8      | Noticed Psyche
  9495 | D:8      | Killed Psyche
  9742 | D:8      | Found a staircase to the Lair.
  9893 | D:8      | Reached skill level 9 in Fighting
  9954 | D:8      | Found Ylitsoem's Hydra Hut.
  9959 | D:8      | Noticed an eight-headed hydra
 11233 | D:10     | Entered Level 10 of the Dungeon
 11866 | Lair:1   | Entered Level 1 of the Lair of Beasts
 11887 | Lair:1   | Reached XP level 11. HP: 95/97 MP: 22/24
 12566 | Lair:1   | Noticed Joseph
 12575 | Lair:1   | Killed Joseph
 12589 | Lair:1   | Reached skill level 10 in Fighting
 12599 | Lair:1   | Noticed Urug
 12605 | Lair:1   | Killed Urug
 13497 | Lair:2   | Found a staircase to the Shoals.
 14668 | Lair:2   | Found a hole to the Spider Nest.
 15561 | Lair:3   | Reached skill level 11 in Fighting
 15579 | Lair:3   | Noticed a four-headed hydra
 15590 | Lair:3   | Killed a four-headed hydra
 15591 | Lair:3   | Reached XP level 12. HP: 70/110 MP: 13/27
 16001 | Lair:3   | Found a dark tunnel.
 16012 | Lair:3   | Reached skill level 1 in Armour
 16018 | Volcano  | Entered a volcano
 16209 | Volcano  | HP: 3/110 [fire elemental[a deep elf pyromancer] (12)]
 16212 | Volcano  | Slain by a fire elemental

Illustrated notes

Levels and vault maps discovered:
D:1:      dpeg_arrival_more_subterranean_lakeside_camping, layout_basic,
          ebering_ecumenical_altar_mist
D:2:      layout_loops_ring, amcnicky_mini_corridor_feature,
          minmay_misc_feat_doors
D:3:      layout_loops_cross, nicolae_figureground_pulse
D:4:      layout_gridville, vehumet_altar_wand_db, uniq_menkaure, uniq_robin
D:5:      layout_loops_ring, mainiacjoe_overflow_alcove_2, bloody_makhleb,
          lemuel_tele_altar, serial_shops, nicolae_shop_trees, uniq_eustachio
D:6:      layout_basic, nicolae_overflow_hidden_temple,
          gammafunk_ghost_abyssal_escape, serial_shops, shop,
          nicolae_stop_n_shop_1, nicolae_shop_hallway_stairs, shop,
          kennysheep_mini, serial_bayou_pond_e
D:7:      layout_basic, minmay_temple_entry_butterflies, serial_shops, shop
D:8:      minmay_four_partial_circles, layout_loops_ring,
          due_lair_maze_entry_diamond, serial_shops, shop,
          doesnt_shop_hydraphobe, uniq_grum, uniq_psyche
D:9:      layout_rooms, hangedman_misty_isle
D:10:     layout_basic
Lair:1:   layout_roguey, infiniplex_staircase_pool, uniq_joseph, uniq_urug
Lair:2:   layout_long_grid, minmay_shoals_entry_centaurs,
          nicolae_spider_entry_tight_spaces
Lair:3:   layout_gridlike, enter_volcano_3, lemuel_fruit_fields
Volcano:  hellmonk_pyromancer_palace

Skill      XL: |  1  2  3  4  5  6  7  8  9 10 11 12 |
---------------+-------------------------------------+-----
Fighting       | 1 2 3 4 5 6 8 9 11 | 11.2
Dodging        | 2 3 4 5 6 8 |  8.0
Transmutations | 2 3 4 5 6 7 8 |  8.0
Spellcasting   | 2 3 4 5 6 7 |  7.3
Unarmed Combat | 3 4 5 6 7 8 |  8.3
Armour         | 1 |  1.2

Action                   |  1- 3 |  4- 6 |  7- 9 | 10-12 || total
-------------------------+-------+-------+-------+-------++-------
Melee: Unarmed           |   156 |   115 |   194 |   428 ||   893
       Kick              |    27 |    16 |    34 |    55 ||   132
       Headbutt          |    16 |     5 |    22 |    34 ||    77
       Punch             |     3 |       |     3 |     5 ||    11
 Cast: Beastly Appendage |    30 |    23 |    23 |    34 ||   110
       Wereblood         |     2 |     2 |     6 |    16 ||    26
       Spider Form       |       |     6 |    13 |    13 ||    32
       Ice Form          |       |       |     1 |    11 ||    12
Evoke: Wand              |       |       |     1 |     8 ||     9
  Use: Potion            |     1 |       |       |     7 ||     8
       Scroll            |       |     4 |       |    10 ||    14
 Stab: Sleeping          |     3 |     2 |       |     3 ||     8
       Held in net/web   |       |       |       |     2 ||     2
Armor: Robe              |    43 |    36 |     5 |       ||    84
       Skin              |       |     2 |     5 |    26 ||    33
       Leather armour    |       |       |    26 |    31 ||    57
Dodge: Dodged            |    70 |    94 |   187 |   287 ||   638
